← All builds
Front / Armada / Economy first / OBSERVED BUILD

Standard front

Armada Front build order · Supreme Isthmus

Standard economy-first Front play: Bot Lab and Vehicle Plant up immediately, units trickle to the coast and middle, with an Advanced Metal Extractor around 9:00 as the eco transition.

#eco · 1700 distinct matches · 248 players · 74% of Armada Front games · team won 61% of 1994 · Recently observed

HOW TO PLAY IT

Key timing: T2 constructor by 7:43

  1. Open mex and wind, drop Bot Lab and Vehicle Plant almost immediately.
  2. Pump Blitz, Rocketeer and Pawn to the coast to stop leaks first.
  3. Add Centurion and Janus once first units are moving up.
  4. Form units into a line pushing toward middle as numbers grow.
  5. Upgrade to Advanced Metal Extractor as the economy transition kicks in.

Phase by phase

TYPICAL OF ITS 1700 GAMES
  1. 1
  2. 2
  3. 3
PLAY THE OPENING

Follow the example game's first 6:00 step by step: what to build now, what comes next, and where it goes. At 1× it keeps pace with your own game.

  1. 1

    Up to the Bot Lab

    Economy
    • Metal Extractor2Mex
    Order
    1. Bot LabBot Lab after 2 mex, 1 winddone ~0:44, middle half 0:33–0:56

    Some games also: wind (48%) · Vehicle Plant (35%)

    By 0:28 in all: 2 mex

    The example game in this phase · 3 steps
    1. Mex ×2
    2. Wind
    3. Bot LabBot Labdone 0:39 · typical 0:44
  2. 2

    Bot Lab to 5:00

    Economy
    • Metal Extractor4Mex
    • Wind Turbine3Wind
    Builders
    • Construction Bot1 Con bot
    Army
    • Sentry1 Sentry
    • Rocketeer6 Rocketeer

    Some games also: Lazarus (49%) · tick (46%) · centurion (40%) · con vehicle (32%) · janus (32%)

    By 5:00 in all: 6 mex · 6 wind

    The example game in this phase · 34 steps
    1. TickTick
    2. Mex
    3. TickTick
    4. LazarusLazarus
    5. PawnPawn ×2
    6. Construction BotCon bot ×2
    7. TickTick ×2
    8. Construction BotCon bot
    9. Mex
    10. RocketeerRocketeer ×6
    11. Mex
    12. RocketeerRocketeer ×2
    13. Construction BotCon bot
    14. Mex
    15. BeamerBeamer
    16. Construction BotCon bot
    17. SentrySentry
    18. RocketeerRocketeer
    19. SentrySentry
    20. RocketeerRocketeer
    21. SentrySentry
    22. RocketeerRocketeer
    23. LazarusLazarus
    24. BeamerBeamer ×2
    25. LazarusLazarus ×2
    26. BeamerBeamer
    27. LazarusLazarus
    28. Wind ×2
    29. SentrySentry
    30. Wind
    31. RocketeerRocketeer
    32. Wind
    33. Energy storage
    34. RocketeerRocketeer
  3. 3

    5:00 to 10:00

    Economy
    • Metal Extractor1Mex
    • Wind Turbine14Wind
    Builders
    • Construction Turret2 Con turret
    Army
    • Sentry1 Sentry

    Some games also: rocketeer (45%) · energy storage (43%) · Lazarus (38%) · con bot (37%) · Radar Tower (36%)

    By 10:00 in all: 7 mex · 24 wind · 1 energy storage · 3 con turret

    The example game in this phase · 59 steps
    1. RocketeerRocketeer
    2. SentrySentry
    3. RocketeerRocketeer ×4
    4. Con turret
    5. RocketeerRocketeer
    6. PawnPawn ×2
    7. Wind
    8. PawnPawn
    9. Wind
    10. PawnPawn
    11. Wind
    12. SentrySentry
    13. PawnPawn
    14. Wind
    15. PawnPawn
    16. Wind
    17. PawnPawn
    18. Wind
    19. PawnPawn
    20. SentrySentry
    21. Converter
    22. Wind
    23. Converter
    24. Advanced Metal ExtractorT2 mexnot finished by 15:00 · typical 9:00
    25. Wind
    26. Converter
    27. Wind
    28. PawnPawn
    29. Converter
    30. PawnPawn
    31. BeamerBeamer ×2
    32. StoutStout
    33. Bot LabBot Labdone 10:29
    34. Construction BotCon bot ×2
    35. Mex
    36. Construction BotCon bot
    37. Mex
    38. Construction BotCon bot
    39. Mex
    40. Wind
    41. Construction BotCon bot ×2
    42. Mex
    43. Wind
    44. Mex
    45. Wind ×2
    46. Construction BotCon bot
    47. SentrySentry
    48. Wind ×3
    49. Con turret
    50. Construction BotCon bot
    51. Wind
    52. Con turret
    53. Wind ×2
    54. Advanced Metal ExtractorT2 mex
    55. Wind
    56. Converter
    57. Wind ×2
    58. Converter
    59. Wind

Counts are medians over the build's games: half of them build more, half fewer. The example game is AinzIsHere's (42 OS, 13/10/2026); pick another.

Team trades

IN AT LEAST 30% OF ITS GAMES

You hand over

Nothing regular.

You get

  • Tidal Generator4 Tidal from Pondfirst at 0:17 · in 68% of games
  • Advanced Construction Bot1 T2 con bot from Geo or Techfirst at 7:24 · in 64% of games

How it plays out

Typical game of this build, running totals by minute

Metal produced

010k20k30k
0:005:0010:0015:00

metal

Enemy metal destroyed

05k10k
0:005:0010:0015:00

metal

Own metal lost

05k10k
0:005:0010:0015:00

metal

1994 games.

Show as table
ByMetal produced: This buildEnemy metal destroyed: This buildOwn metal lost: This build
1:0033300
2:008402131
3:001618135108
4:002700522333
5:0038471128787
6:00503519281428
7:00625027202303
8:00753535463173
9:00897343304071
10:001054250114810
11:001237555405548
12:001452859986409
13:001685964707001
14:001921771867827
15:002184978708694
WHAT THE NUMBERS SAY

Standard Front play wins more often than Suicide front and produces more metal by 15:00 while losing less of it.

  • + Metal produced reaches 22627 by 15:00, well above Suicide front's 20142.
  • + Own metal lost is 8944 by 15:00, lower than enemy metal destroyed ratio of Suicide front.
  • − First unit lost already at 1:43, showing exposure despite the safer position.
  • − Blitz dominates army share at 25%, leaving fewer Centurion for anti-swarm.
THE EXAMPLE YOU ARE READING

AinzIsHere

42.3 OS · 13/10/2026

Open source match ↗

12 received units · includes a constructor
4 metal received · 19794 energy received

Allied construction assistance is unknown. Timings are observations, not a promise of solo reproducibility.

Typical milestones

Bot Lab0:44Middle 50%: 0:33–0:56 · n=1332
Vehicle Plant0:47Middle 50%: 0:41–1:13 · n=1286
Advanced Metal Extractor9:00Middle 50%: 8:09–10:15 · n=1564

Played most by

haaven107games of this buildHummell107games of this buildLeohvm93games of this buildTheGeneraI75games of this buildXad69games of this build